 Dungeon Crawl Stone Soup version 0.19-a0-1107-gc676ff4 (webtiles) character file.

42 JustSomeDude the Sneak (level 3, -1/32 HPs)
             Began as a Naga Assassin on Aug 9, 2016.
             Slain by an adder (2 damage)
             ... on level 3 of the Dungeon.
             The game lasted 00:05:17 (1385 turns).

JustSomeDude the Sneak (Naga Assassin)              Turns: 1385, Time: 00:05:17

Health: -1/32      AC:  3    Str: 11 (13) XL:     3   Next: 56%
Magic:  3/3        EV:  9    Int:  8 (11) God:
Gold:   77         SH:  3    Dex: 12 (13) Spells: 0 memorised, 2 levels left

rFire  . . .     SeeInvis +     a - +2 dagger
rCold  . . .     Gourm    .     c - +0 robe
rNeg   . . .     Faith    .     q - +0 buckler
rPois  +         Spirit   .     (no helmet)
rElec  .         Dismiss  .     d - +0 cloak
rCorr  .         Reflect  .     (no gloves)
SustAt .         Harm     .     (no barding)
MR     .....                    (no amulet)
Stlth  ++++......               (no ring)
                                (no ring)

@: lethally poisoned (-1 -> -9), short of breath, flying, very slow
A: see invisible, deformed body, poison resistance, slowness 2, slow metabolism
1, spit poison 2, AC +1
a: Spit Poison


You were on level 3 of the Dungeon.
You were not hungry.

You visited 1 branch of the dungeon, and saw 3 of its levels.

You collected 77 gold pieces.

Inventory:

Hand Weapons
 a - a +2 dagger (weapon)
 b - a +0 blowgun
Missiles
 e - 8 poisoned needles
 f - 2 curare-tipped needles
 n - 4 needles of frenzy
Armour
 c - a +0 robe (worn)
 d - a +0 cloak (worn)
 i - a +3 leather armour
 q - a +0 buckler (worn)
Scrolls
 h - a scroll of enchant armour {unknown}
 j - 3 scrolls of identify {unknown}
 o - a scroll of remove curse {unknown}
Potions
 r - a potion of degeneration
 t - a potion of invisibility {unknown}
Comestibles
 g - 2 bread rations
 s - 3 fruits


   Skills:
 + Level 2.0 Fighting
 + Level 2.1 Short Blades
 + Level 1.8 Throwing
 + Level 1.0 Dodging
 * Level 7.4 Stealth


You had 2 spell levels left.
You didn't know any spells.

Dungeon Overview and Level Annotations

Branches:
Dungeon (3/15)

Altars:
Makhleb
Ru


Innate Abilities, Weirdness & Mutations

You cannot wear boots.
Your serpentine skin is tough. (AC +1)
You have supernaturally acute eyesight. (SInv)
Armour fits poorly on your strangely shaped body.
Your system is resistant to poisons. (rPois)
You cover ground very slowly.
You have a slow metabolism.
You can spit poison.


Message History

You feel sick. You block the adder's attack.
It was a potion of agility.
You feel agile all of a sudden. You block the adder's attack.
It was a potion of cancellation.
Your magical effects are unravelling.
You feel magically purged.
You feel a little less agile now.
* * * LOW HITPOINT WARNING * * *
You feel sick. The adder closely misses you.
It was a potion of magic.
Magic courses through your body.
* * * LOW HITPOINT WARNING * * *
You feel sick. The adder bites you.
* * * LOW HITPOINT WARNING * * *
You are more poisoned.
The adder poisons you! The adder barely misses you.
It was a potion of flight.
You feel very buoyant.
You fly up into the air.
The adder bites you.
You die...

######
.....
#...#
#...#
#...#
####...###
#.[......#
#.....@S?#
#......†.#
#...<....#
##########


You could see an adder.

Vanquished Creatures
  An adder (D:2)
  A dart slug (D:3)
  2 giant geckos
  3 goblins
  6 hobgoblins
  A kobold (D:2)
  6 bats
  2 giant newts (D:1)
  6 rats
28 creatures vanquished.

Notes
Turn   | Place    | Note
-------+----------+-------------------------------------------
     0 | D:1      | JustSomeDude the Naga Assassin began the quest for the Orb.
     0 | D:1      | Reached XP level 1. HP: 19/19 MP: 1/1
     2 | D:1      | Noticed a spriggan
     2 | D:1      | Noticed a draconian
     4 | D:1      | Noticed a gargoyle
     4 | D:1      | Noticed a felid
     6 | D:1      | Noticed a vampire
     8 | D:1      | Noticed an octopode
    10 | D:1      | Noticed a human
    10 | D:1      | Noticed a demigod
    12 | D:1      | Noticed a troll
    12 | D:1      | Noticed a demonspawn
    14 | D:1      | Noticed a centaur
    14 | D:1      | Noticed a merfolk
    16 | D:1      | Noticed a minotaur
    18 | D:1      | Noticed a naga
    18 | D:1      | Noticed a ghoul
    20 | D:1      | Noticed a tengu
    22 | D:1      | Noticed a formicid
    22 | D:1      | Noticed a halfling
    28 | D:1      | Noticed an ogre
    28 | D:1      | Noticed a dwarf
    30 | D:1      | Noticed a vine stalker
    30 | D:1      | Noticed an elf
    64 | D:1      | Reached skill level 6 in Stealth
   241 | D:1      | Reached XP level 2. HP: 26/26 MP: 2/2
   658 | D:2      | Reached skill level 1 in Dodging
   707 | D:2      | Reached skill level 7 in Stealth
   707 | D:2      | Reached XP level 3. HP: 22/32 MP: 3/3
  1148 | D:2      | Found a burning altar of Makhleb.
  1148 | D:2      | Found a sacrificial altar of Ru.
  1384 | D:3      | HP: 1/32 [adder (2)]
  1385 | D:3      | Slain by an adder

Vault maps used:
D:1:      kb_arrival_jail
D:2:      gammafunk_temple_overflow_elements
D:3:      first_bread, uniq_crazy_yiuf_cottage

Skill      XL: |  1  2 |
---------------+-------+-----
Stealth        | 6 7 |  7.4
Dodging        | 1 |  1.0
Fighting       | |  2.0
Short Blades   | |  2.1
Throwing       | |  1.8

Action                   || total
-------------------------++-------
Melee: Dagger            ||    67
 Abil: Spit Poison       ||    10
  Use: Potion            ||     5
 Stab: Sleeping          ||     7
  Eat: Chunk             ||     1
Armor: Robe              ||    15
Dodge: Dodged            ||    25
Block: Buckler           ||     6
